[ AOE2 MATCH · #478583410 ]
UnrankedGoths vs Italians
[ REPLAY ANALYSIS · EXTRACTED FROM THE RECORDED GAME ]
Feudal
13:39
Castle
17:17
Imperial
—
| APM avg | 40.9 |
| APM peak | 109 |
| eAPM avg | 22.3 |
| Villagers / military | 123 / 31 |
Focus
⚔️ 26.4% · 🌾 73.6%
Huskarl ×21 · Mangonel ×3 · Spearman ×3 · Scorpion ×2 · Battering Ram ×2
Feudal
12:08
Castle
20:44
Imperial
—
| APM avg | 34.2 |
| APM peak | 84 |
| eAPM avg | 14.8 |
| Villagers / military | 101 / 47 |
Focus
⚔️ 26.3% · 🌾 73.7%
Archer ×28 · Genoese Crossbowman ×7 · Spearman ×6 · Mangonel ×4 · Scorpion ×1 · Cavalry Archer ×1
Feudal
11:38
Castle
21:06
Imperial
—
| APM avg | 36.7 |
| APM peak | 58 |
| eAPM avg | 18.9 |
| Villagers / military | 86 / 120 |
Focus
⚔️ 43.7% · 🌾 56.3%
Battle Elephant ×55 · Archer ×46 · Scout Cavalry ×12 · Battering Ram ×5 · Scorpion ×2 · Fishing Ship ×2
Feudal
17:51
Castle
26:05
Imperial
—
| APM avg | 45.4 |
| APM peak | 111 |
| eAPM avg | 24.9 |
| Villagers / military | 128 / 41 |
Focus
⚔️ 52.5% · 🌾 47.5%
Militia ×25 · Archer ×7 · Mangonel ×6 · Battering Ram ×3 · Unknown (1944) ×1
Feudal
14:31
Castle
18:09
Imperial
35:36
| APM avg | 55.0 |
| APM peak | 99 |
| eAPM avg | 26.6 |
| Villagers / military | 143 / 132 |
Focus
⚔️ 38.5% · 🌾 61.5%
Knight ×75 · Spearman ×41 · Scout Cavalry ×12 · Monk ×4
Feudal
12:20
Castle
28:01
Imperial
—
| APM avg | 30.1 |
| APM peak | 108 |
| eAPM avg | 12.3 |
| Villagers / military | 66 / 19 |
Focus
⚔️ 30.3% · 🌾 69.7%
Militia ×14 · Mangonel ×5
Feudal
13:10
Castle
—
Imperial
—
| APM avg | 17.7 |
| APM peak | 38 |
| eAPM avg | 9.0 |
| Villagers / military | 31 / 13 |
Focus
⚔️ 39.9% · 🌾 60.1%
Militia ×13
Feudal
13:06
Castle
16:49
Imperial
33:42
| APM avg | 37.0 |
| APM peak | 70 |
| eAPM avg | 22.2 |
| Villagers / military | 151 / 105 |
Focus
⚔️ 28.3% · 🌾 71.7%
Eagle Scout ×82 · Spearman ×18 · Plumed Archer ×3 · Monk ×2
Match map
Initial resources + every placement click. Lines = walls · curves = elevation contours. ◆ gold · ⬟ stone · ● berries · ✦ relic · ◌ wall gap
Your base· Open — unwalled flank
左's base· Open — unwalled flank
Daily's base· Open — unwalled flank
菜就多练's base· Open — unwalled flank
高筑墙~广积粮~缓称王's base· Open — unwalled flank
闲看's base· Open — unwalled flank
帝国大烟枪5's base· Open — unwalled flank
罩wo's base· Open — unwalled flank
Smoothed initial terrain · ◌ = detected wall gap · hover for details
Inputs per minute
— 喜足天 - - 左
Build order — 喜足天
First 150 of 297 actions detected
| 0:20 | Build | Town Center |
| 2:49 | Create | Villager (Male) |
| 2:50 | Create | Villager (Male) |
| 2:50 | Create | Villager (Male) |
| 3:00 | Create | Villager (Male) |
| 3:00 | Create | Villager (Male) |
| 3:04 | Build | House |
| 4:10 | Research | Loom |
| 4:35 | Build | Lumber Camp |
| 4:44 | Create | Villager (Male) |
| 4:47 | Create | Villager (Male) |
| 5:02 | Build | House |
| 5:31 | Create | Villager (Male) |
| 5:32 | Create | Villager (Male) |
| 5:44 | Create | Villager (Male) |
| 6:16 | Build | House |
| 6:21 | Create | Villager (Male) |
| 6:21 | Create | Villager (Male) |
| 7:00 | Create | Villager (Male) |
| 7:00 | Create | Villager (Male) |
| 7:53 | Build | Mill |
| 8:01 | Create | Villager (Male) |
| 8:02 | Create | Villager (Male) |
| 8:11 | Create | Villager (Male) |
| 8:12 | Create | Villager (Male) |
| 8:28 | Build | House |
| 8:51 | Build | Palisade Wall |
| 9:24 | Create | Villager (Male) |
| 9:29 | Build | Palisade Wall |
| 9:42 | Build | Palisade Gate |
| 9:49 | Build | Palisade Wall |
| 9:50 | Build | Palisade Wall |
| 9:51 | Build | Palisade Wall |
| 9:52 | Build | Palisade Wall |
| 10:03 | Create | Villager (Male) |
| 10:33 | Create | Villager (Male) |
| 10:52 | Create | Villager (Male) |
| 11:29 | Research | Feudal Age |
| 11:29 | Research | Feudal Age |
| 11:39 | Build | House |
| 13:39 | Age | Feudal Age |
| 13:41 | Create | Villager (Male) |
| 13:41 | Create | Villager (Male) |
| 13:46 | Build | Market |
| 13:48 | Build | Blacksmith |
| 14:37 | Research | Castle Age |
| 14:37 | Research | Castle Age |
| 15:16 | Build | Watch Tower |
| 16:13 | Research | Double-Bit Axe |
| 16:53 | Research | Wheelbarrow |
| 17:17 | Age | Castle Age |
| 17:19 | Build | Siege Workshop |
| 17:47 | Create | Mangonel |
| 18:00 | Build | Watch Tower |
| 18:04 | Create | Villager (Male) |
| 18:19 | Create | Mangonel |
| 18:21 | Create | Villager (Male) |
| 18:25 | Build | House |
| 19:02 | Create | Villager (Male) |
| 19:15 | Create | Scorpion |
| 19:28 | Create | Villager (Male) |
| 19:41 | Build | Barracks |
| 19:42 | Create | Villager (Male) |
| 20:20 | Create | Scorpion |
| 20:38 | Create | Villager (Male) |
| 21:03 | Create | Villager (Male) |
| 21:10 | Create | Spearman |
| 21:15 | Build | House |
| 21:32 | Create | Mangonel |
| 22:01 | Build | Mining Camp |
| 22:38 | Build | Farm |
| 22:58 | Build | Farm |
| 23:34 | Create | Villager (Male) |
| 23:38 | Build | Farm |
| 23:43 | Build | Palisade Wall |
| 24:33 | Build | Farm |
| 24:35 | Create | Villager (Male) |
| 24:58 | Build | Town Center |
| 25:41 | Create | Villager (Male) |
| 26:25 | Build | Farm |
| 26:27 | Build | Farm |
| 26:28 | Build | Farm |
| 26:30 | Create | Villager (Male) |
| 26:31 | Create | Villager (Male) |
| 27:11 | Build | Farm |
| 27:12 | Create | Villager (Male) |
| 27:18 | Build | Farm |
| 27:31 | Build | Farm |
| 27:32 | Create | Villager (Male) |
| 27:59 | Create | Villager (Male) |
| 28:02 | Create | Villager (Male) |
| 28:09 | Build | Town Center |
| 28:14 | Create | Villager (Male) |
| 28:28 | Create | Villager (Male) |
| 28:43 | Research | Fletching |
| 28:43 | Create | Villager (Male) |
| 29:07 | Create | Villager (Male) |
| 29:11 | Build | Farm |
| 29:18 | Build | Mill |
| 29:19 | Create | Villager (Male) |
| 29:23 | Create | Battering Ram |
| 29:33 | Create | Villager (Male) |
| 29:36 | Build | Farm |
| 29:37 | Create | Villager (Male) |
| 29:46 | Create | Villager (Male) |
| 29:51 | Create | Villager (Male) |
| 29:58 | Build | House |
| 29:59 | Build | House |
| 30:00 | Build | House |
| 30:20 | Create | Villager (Male) |
| 30:20 | Create | Villager (Male) |
| 30:37 | Research | Squires |
| 30:40 | Create | Spearman |
| 30:41 | Create | Spearman |
| 30:44 | Create | Villager (Male) |
| 30:48 | Build | Farm |
| 30:57 | Create | Villager (Male) |
| 31:07 | Create | Villager (Male) |
| 31:10 | Create | Villager (Male) |
| 31:14 | Build | Farm |
| 31:20 | Build | Farm |
| 31:21 | Create | Villager (Male) |
| 31:56 | Build | Farm |
| 32:00 | Create | Villager (Male) |
| 32:04 | Create | Villager (Male) |
| 32:07 | Create | Villager (Male) |
| 32:29 | Build | Castle |
| 32:39 | Create | Villager (Male) |
| 32:40 | Create | Villager (Male) |
| 32:41 | Create | Villager (Male) |
| 32:42 | Create | Villager (Male) |
| 32:44 | Research | Horse Collar |
| 32:49 | Build | Farm |
| 32:53 | Build | Farm |
| 33:03 | Create | Villager (Male) |
| 33:11 | Research | Bodkin Arrow |
| 33:12 | Create | Villager (Male) |
| 33:17 | Build | House |
| 33:28 | Build | Farm |
| 33:31 | Build | House |
| 33:32 | Build | House |
| 33:34 | Build | House |
| 33:35 | Create | Villager (Male) |
| 33:53 | Build | Lumber Camp |
| 34:01 | Create | Villager (Male) |
| 34:04 | Build | Farm |
| 34:06 | Build | Farm |
| 34:07 | Build | Farm |
| 34:08 | Create | Villager (Male) |
| 34:09 | Build | Farm |
Build order — 左
First 150 of 219 actions detected
| 0:09 | Build | Town Center |
| 1:47 | Build | House |
| 2:24 | Create | Villager (Male) |
| 2:24 | Create | Villager (Male) |
| 2:24 | Create | Villager (Male) |
| 2:25 | Create | Villager (Male) |
| 2:25 | Create | Villager (Male) |
| 3:40 | Create | Villager (Male) |
| 3:40 | Create | Villager (Male) |
| 4:03 | Create | Villager (Male) |
| 4:03 | Create | Villager (Male) |
| 4:22 | Create | Villager (Male) |
| 4:22 | Create | Villager (Male) |
| 4:46 | Build | House |
| 4:58 | Build | Lumber Camp |
| 5:01 | Create | Villager (Male) |
| 5:02 | Create | Villager (Male) |
| 5:37 | Build | House |
| 5:45 | Create | Villager (Male) |
| 5:45 | Create | Villager (Male) |
| 5:46 | Create | Villager (Male) |
| 6:10 | Build | House |
| 6:23 | Create | Villager (Male) |
| 6:23 | Create | Villager (Male) |
| 6:50 | Create | Villager (Male) |
| 6:51 | Create | Villager (Male) |
| 6:55 | Research | Loom |
| 7:03 | Create | Villager (Male) |
| 7:33 | Build | Mill |
| 8:16 | Build | House |
| 8:37 | Create | Villager (Male) |
| 9:08 | Create | Villager (Male) |
| 9:08 | Create | Villager (Male) |
| 9:14 | Build | House |
| 9:15 | Build | Palisade Wall |
| 9:45 | Research | Feudal Age |
| 10:14 | Build | Barracks |
| 11:00 | Build | Palisade Wall |
| 11:42 | Create | Villager (Male) |
| 11:53 | Build | Palisade Wall |
| 11:57 | Create | Villager (Male) |
| 11:58 | Create | Villager (Male) |
| 12:08 | Age | Feudal Age |
| 12:13 | Build | Archery Range |
| 12:28 | Create | Villager (Male) |
| 12:47 | Create | Spearman |
| 12:59 | Create | Archer |
| 13:02 | Create | Villager (Male) |
| 13:17 | Build | Mining Camp |
| 13:26 | Create | Villager (Male) |
| 13:41 | Build | House |
| 13:43 | Create | Spearman |
| 13:47 | Create | Villager (Male) |
| 13:55 | Create | Spearman |
| 14:12 | Create | Archer |
| 14:15 | Create | Villager (Male) |
| 14:24 | Create | Spearman |
| 14:48 | Create | Archer |
| 14:48 | Create | Archer |
| 14:53 | Create | Villager (Male) |
| 15:14 | Build | Mill |
| 15:23 | Build | Palisade Wall |
| 15:31 | Create | Archer |
| 15:33 | Create | Villager (Male) |
| 16:08 | Build | Blacksmith |
| 16:09 | Build | Palisade Wall |
| 16:16 | Create | Villager (Male) |
| 16:22 | Create | Villager (Male) |
| 16:29 | Create | Spearman |
| 16:45 | Create | Villager (Male) |
| 16:49 | Build | Mining Camp |
| 16:51 | Create | Villager (Male) |
| 16:57 | Research | Fletching |
| 18:04 | Research | Castle Age |
| 18:04 | Research | Castle Age |
| 18:44 | Create | Archer |
| 18:44 | Create | Archer |
| 18:46 | Create | Archer |
| 18:47 | Create | Villager (Male) |
| 19:03 | Create | Spearman |
| 19:20 | Build | Palisade Wall |
| 19:23 | Build | Palisade Gate |
| 20:44 | Age | Castle Age |
| 20:48 | Research | Crossbowman (upgrade) |
| 20:50 | Research | Bodkin Arrow |
| 20:59 | Build | University |
| 21:27 | Create | Villager (Male) |
| 21:27 | Create | Villager (Male) |
| 21:57 | Create | Villager (Male) |
| 22:05 | Build | House |
| 22:17 | Create | Villager (Male) |
| 22:22 | Build | Farm |
| 22:23 | Build | Farm |
| 22:26 | Build | Farm |
| 22:27 | Build | Farm |
| 22:28 | Build | Farm |
| 22:32 | Build | Farm |
| 22:39 | Research | Ballistics |
| 22:51 | Build | House |
| 23:26 | Build | House |
| 23:28 | Create | Villager (Male) |
| 23:30 | Build | Stone Wall |
| 23:43 | Build | Castle |
| 23:46 | Create | Villager (Male) |
| 23:52 | Create | Archer |
| 23:53 | Create | Archer |
| 23:53 | Create | Archer |
| 23:53 | Create | Archer |
| 23:53 | Create | Archer |
| 23:54 | Create | Archer |
| 24:10 | Create | Cavalry Archer |
| 24:31 | Build | House |
| 24:33 | Build | House |
| 24:33 | Build | Stone Wall |
| 25:02 | Build | Archery Range |
| 25:06 | Build | Farm |
| 25:08 | Build | Farm |
| 25:09 | Build | Farm |
| 25:12 | Create | Villager (Male) |
| 25:22 | Create | Genoese Crossbowman |
| 25:26 | Create | Archer |
| 25:35 | Create | Archer |
| 25:36 | Create | Archer |
| 25:36 | Create | Archer |
| 25:55 | Build | Stone Wall |
| 26:21 | Create | Genoese Crossbowman |
| 26:21 | Create | Genoese Crossbowman |
| 26:22 | Create | Genoese Crossbowman |
| 26:24 | Create | Villager (Male) |
| 26:25 | Create | Villager (Male) |
| 26:25 | Create | Villager (Male) |
| 26:25 | Create | Villager (Male) |
| 26:39 | Create | Archer |
| 26:39 | Create | Archer |
| 26:40 | Create | Archer |
| 26:40 | Create | Archer |
| 26:46 | Create | Villager (Male) |
| 27:21 | Research | Padded Archer Armor |
| 27:49 | Create | Villager (Male) |
| 27:57 | Create | Archer |
| 27:57 | Create | Archer |
| 27:58 | Create | Archer |
| 28:10 | Build | Siege Workshop |
| 28:17 | Create | Villager (Male) |
| 28:17 | Create | Villager (Male) |
| 28:18 | Create | Archer |
| 28:18 | Create | Archer |
| 28:19 | Create | Archer |
| 29:13 | Create | Mangonel |
| 29:18 | Create | Villager (Male) |
Build order — Daily
First 150 of 344 actions detected
| 0:15 | Build | Town Center |
| 1:47 | Build | House |
| 2:25 | Create | Villager (Male) |
| 2:25 | Create | Villager (Male) |
| 2:25 | Create | Villager (Male) |
| 2:48 | Create | Villager (Male) |
| 3:26 | Create | Villager (Male) |
| 3:52 | Build | House |
| 4:05 | Create | Villager (Male) |
| 4:27 | Build | Lumber Camp |
| 4:32 | Create | Villager (Male) |
| 4:48 | Create | Villager (Male) |
| 5:09 | Create | Villager (Male) |
| 5:32 | Build | House |
| 5:35 | Build | Palisade Wall |
| 5:40 | Create | Villager (Male) |
| 6:04 | Create | Villager (Male) |
| 6:42 | Create | Villager (Male) |
| 6:46 | Build | House |
| 7:06 | Build | House |
| 7:14 | Create | Villager (Male) |
| 7:37 | Build | Mill |
| 7:39 | Create | Villager (Male) |
| 7:53 | Create | Villager (Male) |
| 8:14 | Create | Villager (Male) |
| 8:14 | Create | Villager (Male) |
| 8:26 | Build | House |
| 8:50 | Build | House |
| 8:55 | Build | House |
| 9:06 | Build | House |
| 9:12 | Create | Villager (Male) |
| 9:33 | Create | Villager (Male) |
| 9:50 | Build | Barracks |
| 9:51 | Build | House |
| 9:55 | Build | Palisade Wall |
| 10:05 | Research | Feudal Age |
| 10:07 | Build | House |
| 10:21 | Build | House |
| 10:36 | Build | House |
| 11:27 | Create | Villager (Male) |
| 11:29 | Research | Loom |
| 11:38 | Age | Feudal Age |
| 11:40 | Build | Stable |
| 11:51 | Create | Villager (Male) |
| 11:58 | Build | Blacksmith |
| 12:04 | Build | House |
| 12:08 | Create | Villager (Male) |
| 12:19 | Build | Gate |
| 12:22 | Create | Scout Cavalry |
| 12:22 | Create | Scout Cavalry |
| 12:37 | Build | Palisade Wall |
| 12:38 | Create | Villager (Male) |
| 12:49 | Create | Villager (Male) |
| 12:57 | Build | House |
| 13:03 | Build | Palisade Wall |
| 13:06 | Create | Villager (Male) |
| 13:08 | Create | Scout Cavalry |
| 13:11 | Research | Forging |
| 13:11 | Research | Forging |
| 13:19 | Research | Double-Bit Axe |
| 13:25 | Build | Farm |
| 13:26 | Build | Farm |
| 13:44 | Create | Scout Cavalry |
| 13:51 | Build | Farm |
| 14:02 | Create | Villager (Male) |
| 14:06 | Build | Farm |
| 14:27 | Create | Scout Cavalry |
| 14:31 | Build | House |
| 14:39 | Build | Farm |
| 14:43 | Research | Scale Barding Armor |
| 14:43 | Research | Scale Barding Armor |
| 15:00 | Create | Scout Cavalry |
| 15:03 | Create | Villager (Male) |
| 15:12 | Build | Farm |
| 15:22 | Create | Villager (Male) |
| 15:30 | Create | Scout Cavalry |
| 15:33 | Build | Farm |
| 15:46 | Build | House |
| 15:51 | Build | Palisade Wall |
| 16:04 | Create | Villager (Male) |
| 16:05 | Create | Scout Cavalry |
| 16:13 | Build | Farm |
| 16:16 | Build | Farm |
| 16:18 | Build | Farm |
| 16:28 | Create | Villager (Male) |
| 16:43 | Create | Villager (Male) |
| 17:22 | Create | Villager (Male) |
| 17:46 | Build | Farm |
| 18:15 | Create | Villager (Male) |
| 18:15 | Create | Villager (Male) |
| 18:42 | Create | Villager (Male) |
| 18:49 | Build | Archery Range |
| 18:56 | Build | Archery Range |
| 19:02 | Build | Archery Range |
| 19:12 | Research | Castle Age |
| 19:27 | Research | Horse Collar |
| 19:44 | Build | House |
| 19:50 | Create | Archer |
| 19:50 | Create | Archer |
| 19:51 | Create | Archer |
| 20:07 | Research | Fletching |
| 20:28 | Create | Archer |
| 20:56 | Create | Archer |
| 20:57 | Create | Archer |
| 20:59 | Research | Padded Archer Armor |
| 21:06 | Age | Castle Age |
| 21:27 | Build | University |
| 21:32 | Research | Crossbowman (upgrade) |
| 21:32 | Create | Archer |
| 21:36 | Create | Villager (Male) |
| 21:38 | Create | Villager (Male) |
| 21:53 | Create | Villager (Male) |
| 21:54 | Create | Archer |
| 21:55 | Create | Archer |
| 22:09 | Build | Siege Workshop |
| 22:20 | Research | Bodkin Arrow |
| 22:24 | Create | Villager (Male) |
| 22:31 | Build | Mining Camp |
| 22:55 | Create | Archer |
| 22:55 | Create | Archer |
| 22:56 | Create | Archer |
| 23:24 | Create | Archer |
| 23:27 | Create | Villager (Male) |
| 23:28 | Create | Villager (Male) |
| 23:43 | Create | Villager (Male) |
| 23:49 | Create | Villager (Male) |
| 23:57 | Create | Archer |
| 23:57 | Create | Archer |
| 24:10 | Create | Archer |
| 24:10 | Create | Archer |
| 24:12 | Create | Villager (Male) |
| 24:17 | Build | Farm |
| 24:30 | Build | House |
| 24:31 | Build | House |
| 24:34 | Build | House |
| 24:38 | Build | House |
| 24:47 | Research | Ballistics |
| 24:50 | Create | Archer |
| 24:54 | Create | Villager (Male) |
| 25:16 | Create | Archer |
| 25:16 | Create | Archer |
| 25:17 | Create | Archer |
| 25:17 | Create | Archer |
| 25:19 | Create | Villager (Male) |
| 25:20 | Create | Villager (Male) |
| 25:27 | Create | Villager (Male) |
| 25:56 | Create | Archer |
| 25:56 | Create | Archer |
| 26:20 | Create | Battering Ram |
| 26:29 | Create | Villager (Male) |
Build order — 菜就多练
First 150 of 283 actions detected
| 0:22 | Build | Town Center |
| 1:13 | Build | House |
| 2:36 | Build | House |
| 2:40 | Create | Villager (Male) |
| 2:41 | Create | Villager (Male) |
| 2:41 | Create | Villager (Male) |
| 2:41 | Create | Villager (Male) |
| 2:50 | Build | House |
| 3:01 | Build | House |
| 4:15 | Create | Villager (Male) |
| 4:16 | Create | Villager (Male) |
| 4:32 | Build | Lumber Camp |
| 4:33 | Build | House |
| 4:40 | Create | Villager (Male) |
| 5:05 | Build | House |
| 5:16 | Create | Villager (Male) |
| 5:38 | Create | Villager (Male) |
| 6:01 | Create | Villager (Male) |
| 6:44 | Create | Villager (Male) |
| 6:53 | Build | Barracks |
| 7:26 | Research | Loom |
| 7:26 | Research | Loom |
| 7:46 | Create | Villager (Male) |
| 7:54 | Create | Villager (Male) |
| 8:14 | Create | Militia |
| 8:21 | Build | House |
| 8:36 | Create | Militia |
| 8:44 | Create | Villager (Male) |
| 8:59 | Create | Villager (Male) |
| 9:00 | Create | Villager (Male) |
| 9:03 | Build | House |
| 9:07 | Build | House |
| 9:20 | Create | Villager (Male) |
| 9:21 | Create | Villager (Male) |
| 9:38 | Build | Palisade Wall |
| 9:40 | Build | Palisade Gate |
| 9:51 | Build | Mill |
| 10:00 | Create | Villager (Male) |
| 10:04 | Create | Villager (Male) |
| 10:36 | Create | Villager (Male) |
| 10:43 | Create | Militia |
| 10:44 | Create | Militia |
| 11:35 | Create | Villager (Male) |
| 11:35 | Create | Villager (Male) |
| 11:38 | Create | Militia |
| 11:49 | Create | Militia |
| 11:49 | Create | Militia |
| 12:10 | Create | Villager (Male) |
| 12:10 | Create | Villager (Male) |
| 12:13 | Build | Farm |
| 12:15 | Build | Farm |
| 12:16 | Build | Farm |
| 12:25 | Build | Outpost |
| 12:35 | Create | Villager (Male) |
| 12:36 | Create | Militia |
| 12:40 | Build | Farm |
| 12:48 | Create | Militia |
| 12:58 | Build | Palisade Wall |
| 13:20 | Create | Villager (Male) |
| 13:24 | Create | Militia |
| 13:24 | Create | Militia |
| 13:41 | Create | Villager (Male) |
| 13:44 | Build | House |
| 13:56 | Build | House |
| 14:11 | Create | Villager (Male) |
| 14:22 | Build | Mill |
| 14:35 | Build | House |
| 14:41 | Build | Palisade Gate |
| 14:43 | Build | Palisade Wall |
| 14:48 | Build | Palisade Wall |
| 14:50 | Build | Palisade Wall |
| 14:51 | Create | Villager (Male) |
| 14:51 | Create | Villager (Male) |
| 14:51 | Create | Villager (Male) |
| 14:51 | Create | Villager (Male) |
| 15:09 | Build | Farm |
| 15:37 | Research | Feudal Age |
| 15:37 | Research | Feudal Age |
| 16:35 | Build | Farm |
| 16:37 | Build | Farm |
| 16:38 | Build | Farm |
| 16:45 | Create | Militia |
| 16:46 | Create | Militia |
| 16:46 | Create | Militia |
| 16:46 | Create | Militia |
| 16:46 | Create | Militia |
| 16:47 | Create | Militia |
| 16:47 | Create | Militia |
| 17:08 | Build | Barracks |
| 17:12 | Create | Militia |
| 17:13 | Create | Militia |
| 17:51 | Age | Feudal Age |
| 17:59 | Research | Man-at-Arms (upgrade) |
| 17:59 | Research | Man-at-Arms (upgrade) |
| 18:01 | Create | Villager (Male) |
| 18:05 | Build | Gate |
| 18:06 | Create | Militia |
| 18:07 | Create | Militia |
| 18:07 | Create | Militia |
| 18:21 | Create | Villager (Male) |
| 18:26 | Create | Villager (Male) |
| 19:03 | Create | Villager (Male) |
| 19:14 | Create | Villager (Male) |
| 19:14 | Create | Villager (Male) |
| 19:15 | Create | Villager (Male) |
| 19:15 | Create | Villager (Male) |
| 19:16 | Build | Blacksmith |
| 19:39 | Create | Villager (Male) |
| 19:39 | Create | Villager (Male) |
| 19:40 | Create | Villager (Male) |
| 19:53 | Research | Arson |
| 19:53 | Research | Arson |
| 20:01 | Create | Villager (Male) |
| 20:02 | Create | Villager (Male) |
| 20:02 | Create | Villager (Male) |
| 20:02 | Create | Villager (Male) |
| 20:21 | Research | Scale Mail Armor |
| 20:23 | Create | Militia ×2 |
| 20:34 | Create | Villager (Male) |
| 20:34 | Create | Villager (Male) |
| 20:34 | Create | Villager (Male) |
| 20:34 | Create | Villager (Male) |
| 20:35 | Create | Villager (Male) |
| 21:01 | Create | Villager (Male) |
| 21:02 | Create | Villager (Male) |
| 21:08 | Research | Horse Collar |
| 21:09 | Research | Horse Collar |
| 21:09 | Research | Double-Bit Axe |
| 21:09 | Research | Double-Bit Axe |
| 21:14 | Build | Mill |
| 21:22 | Create | Villager (Male) |
| 21:22 | Create | Villager (Male) |
| 21:40 | Create | Villager (Male) |
| 21:40 | Create | Villager (Male) |
| 21:41 | Create | Villager (Male) |
| 21:41 | Create | Villager (Male) |
| 21:55 | Create | Villager (Male) |
| 21:55 | Create | Villager (Male) |
| 21:56 | Create | Villager (Male) |
| 21:56 | Create | Villager (Male) |
| 21:56 | Create | Villager (Male) |
| 22:22 | Build | Market |
| 22:49 | Build | Archery Range |
| 22:58 | Build | Archery Range |
| 23:25 | Research | Castle Age |
| 23:25 | Research | Castle Age |
| 23:35 | Research | Fletching |
| 23:41 | Build | Archery Range |
| 23:50 | Build | Watch Tower |
| 24:32 | Create | Archer |
Build order — 高筑墙~广积粮~缓称王
First 150 of 466 actions detected
| 0:10 | Build | Town Center |
| 1:39 | Build | Town Center |
| 3:24 | Build | House |
| 3:36 | Create | Villager (Male) |
| 3:36 | Create | Villager (Male) |
| 3:36 | Create | Villager (Male) |
| 3:36 | Create | Villager (Male) |
| 3:37 | Create | Villager (Male) |
| 3:37 | Create | Villager (Male) |
| 4:27 | Build | House |
| 4:31 | Create | Villager (Male) |
| 4:39 | Build | House |
| 4:53 | Build | House |
| 5:07 | Create | Villager (Male) |
| 5:47 | Build | House |
| 5:55 | Build | Lumber Camp |
| 6:01 | Create | Villager (Male) |
| 6:01 | Create | Villager (Male) |
| 6:40 | Build | House |
| 6:53 | Build | House |
| 7:07 | Create | Villager (Male) |
| 7:10 | Build | House |
| 7:16 | Create | Villager (Male) |
| 7:28 | Create | Villager (Male) |
| 7:33 | Create | Villager (Male) |
| 7:57 | Create | Villager (Male) |
| 8:35 | Build | House |
| 8:38 | Create | Villager (Male) |
| 8:39 | Create | Villager (Male) |
| 8:40 | Create | Villager (Male) |
| 8:53 | Create | Villager (Male) |
| 9:17 | Create | Villager (Male) |
| 9:18 | Create | Villager (Male) |
| 9:21 | Create | Villager (Male) |
| 9:23 | Create | Villager (Male) |
| 9:44 | Create | Villager (Male) |
| 10:08 | Build | House |
| 10:20 | Build | House |
| 10:22 | Build | House |
| 10:29 | Create | Villager (Male) |
| 10:31 | Build | House |
| 11:10 | Build | Mining Camp |
| 12:05 | Research | Feudal Age |
| 12:05 | Research | Feudal Age |
| 12:34 | Build | Barracks |
| 12:50 | Build | House |
| 13:01 | Build | House |
| 13:21 | Build | House |
| 14:02 | Build | Palisade Gate |
| 14:10 | Research | Loom |
| 14:11 | Create | Villager (Male) |
| 14:11 | Create | Villager (Male) |
| 14:31 | Age | Feudal Age |
| 14:36 | Build | Blacksmith |
| 14:42 | Build | Stable |
| 15:27 | Research | Castle Age |
| 15:30 | Create | Scout Cavalry |
| 15:47 | Research | Double-Bit Axe |
| 15:48 | Create | Scout Cavalry |
| 16:14 | Create | Scout Cavalry |
| 16:14 | Create | Scout Cavalry |
| 16:32 | Build | Mill |
| 16:37 | Create | Scout Cavalry |
| 17:11 | Create | Scout Cavalry |
| 17:15 | Build | Farm |
| 17:16 | Build | Farm |
| 17:21 | Build | Farm |
| 18:09 | Age | Castle Age |
| 18:12 | Research | Light Cavalry (upgrade) |
| 18:12 | Research | Light Cavalry (upgrade) |
| 18:12 | Create | Villager (Male) |
| 18:21 | Build | Town Center |
| 18:28 | Create | Villager (Male) |
| 18:29 | Create | Villager (Male) |
| 18:57 | Create | Villager (Male) |
| 19:03 | Create | Villager (Male) |
| 19:09 | Create | Villager (Male) |
| 19:21 | Build | Farm |
| 19:41 | Create | Villager (Male) |
| 19:43 | Build | Farm |
| 19:45 | Build | Farm |
| 19:53 | Create | Villager (Male) |
| 19:54 | Create | Villager (Male) |
| 20:00 | Create | Villager (Male) |
| 20:20 | Create | Villager (Male) |
| 20:22 | Create | Villager (Male) |
| 20:39 | Create | Villager (Male) |
| 20:46 | Create | Villager (Male) |
| 20:46 | Create | Villager (Male) |
| 20:53 | Build | Town Center |
| 21:01 | Create | Scout Cavalry |
| 21:02 | Create | Scout Cavalry |
| 21:12 | Create | Villager (Male) |
| 21:13 | Create | Villager (Male) |
| 21:17 | Build | Farm |
| 21:30 | Create | Villager (Male) |
| 21:33 | Research | Horse Collar |
| 21:35 | Research | Wheelbarrow |
| 21:35 | Research | Wheelbarrow |
| 22:04 | Create | Villager (Male) |
| 22:06 | Create | Villager (Male) |
| 22:14 | Create | Villager (Male) |
| 22:27 | Create | Villager (Male) |
| 22:42 | Create | Villager (Male) |
| 22:42 | Create | Villager (Male) |
| 22:47 | Build | Monastery |
| 22:50 | Create | Villager (Male) |
| 22:52 | Build | Farm |
| 22:53 | Build | Farm |
| 23:01 | Create | Villager (Male) |
| 23:19 | Build | Farm |
| 23:22 | Create | Monk |
| 23:22 | Create | Monk |
| 23:31 | Build | Farm |
| 23:34 | Create | Monk |
| 23:42 | Create | Scout Cavalry |
| 23:43 | Create | Villager (Male) |
| 23:44 | Create | Villager (Male) |
| 24:01 | Build | Farm |
| 24:07 | Build | Lumber Camp |
| 24:17 | Create | Monk |
| 24:22 | Build | House |
| 24:22 | Build | House |
| 24:23 | Build | House |
| 24:35 | Research | Bow Saw |
| 24:36 | Research | Gold Mining |
| 24:44 | Create | Villager (Male) |
| 24:56 | Create | Villager (Male) |
| 25:07 | Create | Villager (Male) |
| 25:24 | Create | Scout Cavalry |
| 25:26 | Build | Farm |
| 25:27 | Build | Farm |
| 25:28 | Build | Farm |
| 25:33 | Build | Farm |
| 25:33 | Build | Farm |
| 25:34 | Build | Farm |
| 25:34 | Build | Farm |
| 25:34 | Build | Farm |
| 25:47 | Build | House |
| 25:48 | Build | House |
| 25:49 | Create | Villager (Male) |
| 25:51 | Create | Villager (Male) |
| 26:04 | Create | Scout Cavalry |
| 26:11 | Create | Villager (Male) |
| 26:12 | Create | Villager (Male) |
| 26:34 | Research | Bloodlines |
| 26:34 | Research | Bloodlines |
| 26:44 | Build | House |
| 26:47 | Build | Farm |
| 26:49 | Build | Farm |
Build order — 闲看
139 actions detected in the replay
| 0:15 | Build | Town Center |
| 3:04 | Create | Villager (Male) |
| 3:05 | Create | Villager (Male) |
| 3:06 | Create | Villager (Male) |
| 3:06 | Create | Villager (Male) |
| 3:06 | Create | Villager (Male) |
| 4:33 | Create | Villager (Male) |
| 4:33 | Create | Villager (Male) |
| 4:34 | Create | Villager (Male) |
| 5:02 | Build | Lumber Camp |
| 5:09 | Create | Villager (Male) |
| 5:09 | Create | Villager (Male) |
| 5:39 | Create | Villager (Male) |
| 5:40 | Create | Villager (Male) |
| 5:40 | Create | Villager (Male) |
| 6:36 | Create | Villager (Male) |
| 6:36 | Create | Villager (Male) |
| 6:43 | Create | Villager (Male) |
| 6:44 | Create | Villager (Male) |
| 7:32 | Create | Villager (Male) |
| 8:03 | Build | Mill |
| 8:16 | Create | Villager (Male) |
| 8:17 | Create | Villager (Male) |
| 8:35 | Create | Villager (Male) |
| 9:44 | Create | Villager (Male) |
| 10:09 | Research | Feudal Age |
| 10:09 | Research | Feudal Age |
| 10:31 | Research | Loom |
| 12:20 | Age | Feudal Age |
| 12:25 | Create | Villager (Male) |
| 12:25 | Create | Villager (Male) |
| 12:55 | Build | Barracks |
| 13:07 | Create | Villager (Male) |
| 13:08 | Create | Villager (Male) |
| 13:25 | Create | Villager (Male) |
| 13:25 | Create | Villager (Male) |
| 13:34 | Create | Militia |
| 13:34 | Create | Militia |
| 13:34 | Create | Militia |
| 13:38 | Build | Blacksmith |
| 14:06 | Research | Scale Mail Armor |
| 14:07 | Research | Scale Mail Armor |
| 14:29 | Research | Man-at-Arms (upgrade) |
| 14:29 | Research | Man-at-Arms (upgrade) |
| 14:51 | Build | Mining Camp |
| 15:15 | Create | Militia |
| 15:15 | Create | Militia |
| 15:23 | Create | Villager (Male) |
| 15:23 | Create | Villager (Male) |
| 15:24 | Create | Villager (Male) |
| 15:24 | Create | Villager (Male) |
| 15:53 | Create | Militia |
| 15:53 | Create | Militia |
| 15:53 | Create | Militia |
| 15:54 | Create | Militia |
| 16:03 | Research | Forging |
| 16:03 | Research | Forging |
| 16:24 | Create | Militia |
| 16:24 | Create | Militia |
| 16:44 | Create | Villager (Male) |
| 16:44 | Create | Villager (Male) |
| 17:16 | Create | Militia |
| 17:16 | Create | Militia |
| 17:17 | Create | Villager (Male) |
| 17:17 | Create | Villager (Male) |
| 17:53 | Create | Villager (Male) |
| 17:53 | Create | Villager (Male) |
| 17:54 | Create | Villager (Male) |
| 18:17 | Create | Militia |
| 18:23 | Build | Lumber Camp |
| 18:42 | Create | Villager (Male) |
| 19:19 | Create | Villager (Male) |
| 19:19 | Create | Villager (Male) |
| 20:03 | Build | Lumber Camp |
| 20:09 | Build | Market |
| 20:12 | Build | Palisade Wall |
| 20:18 | Create | Villager (Male) |
| 20:19 | Create | Villager (Male) |
| 20:23 | Build | Farm |
| 20:45 | Build | Mill |
| 20:58 | Build | Palisade Wall |
| 21:01 | Build | Palisade Wall |
| 21:03 | Build | Palisade Wall |
| 21:39 | Create | Villager (Male) |
| 21:39 | Create | Villager (Male) |
| 22:11 | Build | Mining Camp |
| 22:15 | Build | Farm |
| 22:34 | Build | Farm |
| 22:37 | Build | Farm |
| 22:45 | Create | Villager (Male) |
| 22:45 | Create | Villager (Male) |
| 22:56 | Build | Outpost |
| 23:45 | Build | Watch Tower |
| 23:59 | Research | Wheelbarrow |
| 23:59 | Research | Wheelbarrow |
| 24:43 | Build | Watch Tower |
| 24:51 | Create | Villager (Male) |
| 24:52 | Create | Villager (Male) |
| 25:21 | Research | Castle Age |
| 25:21 | Research | Castle Age |
| 25:55 | Research | Stone Mining |
| 25:55 | Research | Stone Mining |
| 26:37 | Research | Double-Bit Axe |
| 26:38 | Research | Double-Bit Axe |
| 28:01 | Age | Castle Age |
| 28:19 | Build | Siege Workshop |
| 28:22 | Create | Villager (Male) |
| 28:22 | Create | Villager (Male) |
| 28:23 | Create | Villager (Male) |
| 28:39 | Create | Mangonel |
| 28:40 | Create | Mangonel |
| 28:49 | Build | Town Center |
| 29:00 | Create | Villager (Male) |
| 29:53 | Create | Villager (Male) |
| 29:54 | Create | Villager (Male) |
| 30:10 | Build | Town Center |
| 30:13 | Create | Villager (Male) |
| 30:13 | Create | Villager (Male) |
| 30:28 | Research | Bow Saw |
| 30:28 | Research | Bow Saw |
| 30:50 | Create | Villager (Male) |
| 30:50 | Create | Villager (Male) |
| 31:22 | Create | Villager (Male) |
| 31:27 | Build | Farm |
| 32:51 | Create | Villager (Male) |
| 32:51 | Create | Villager (Male) |
| 32:51 | Create | Villager (Male) |
| 34:01 | Create | Mangonel |
| 34:09 | Build | Farm |
| 34:09 | Build | Farm |
| 34:27 | Create | Villager (Male) |
| 34:27 | Create | Villager (Male) |
| 34:34 | Build | Mining Camp |
| 34:39 | Build | Farm |
| 35:09 | Create | Mangonel |
| 35:09 | Create | Mangonel |
| 35:54 | Build | Stone Wall |
| 36:00 | Build | Stone Wall |
| 36:22 | Build | Stone Wall |
Build order — 帝国大烟枪5
117 actions detected in the replay
| 0:28 | Build | Town Center |
| 1:51 | Build | House |
| 2:47 | Create | Villager (Male) |
| 2:56 | Create | Villager (Male) |
| 2:56 | Create | Villager (Male) |
| 2:56 | Create | Villager (Male) |
| 4:05 | Create | Villager (Male) |
| 4:37 | Build | House |
| 4:45 | Create | Villager (Male) |
| 4:46 | Create | Villager (Male) |
| 5:04 | Build | Lumber Camp |
| 5:30 | Create | Villager (Male) |
| 5:36 | Create | Villager (Male) |
| 5:36 | Create | Villager (Male) |
| 5:58 | Research | Loom |
| 6:10 | Create | Villager (Male) |
| 6:10 | Create | Villager (Male) |
| 6:32 | Create | Villager (Male) |
| 6:38 | Build | House |
| 6:56 | Build | House |
| 7:00 | Build | House |
| 7:15 | Build | House |
| 7:19 | Build | House |
| 7:30 | Create | Villager (Male) |
| 7:30 | Create | Villager (Male) |
| 7:53 | Create | Villager (Male) |
| 7:53 | Create | Villager (Male) |
| 7:53 | Create | Villager (Male) |
| 8:00 | Build | Mill |
| 8:12 | Create | Villager (Male) |
| 8:26 | Create | Villager (Male) |
| 9:00 | Build | Palisade Wall |
| 9:20 | Build | Palisade Wall |
| 9:26 | Create | Villager (Male) |
| 9:42 | Create | Villager (Male) |
| 10:44 | Build | Barracks |
| 11:00 | Research | Feudal Age |
| 11:05 | Build | House |
| 11:33 | Build | House |
| 11:53 | Create | Militia |
| 11:53 | Create | Militia |
| 12:14 | Build | Mining Camp |
| 12:23 | Build | Palisade Wall |
| 12:33 | Build | House |
| 12:51 | Create | Militia |
| 13:10 | Age | Feudal Age |
| 13:37 | Build | Mill |
| 13:47 | Build | House |
| 13:51 | Research | Man-at-Arms (upgrade) |
| 14:07 | Build | Watch Tower |
| 14:31 | Create | Militia |
| 14:32 | Create | Militia |
| 14:32 | Create | Militia |
| 14:53 | Build | Watch Tower |
| 15:05 | Create | Militia |
| 15:12 | Build | Farm |
| 16:11 | Create | Villager (Male) |
| 16:14 | Build | Farm |
| 16:35 | Build | Palisade Wall |
| 16:36 | Build | Palisade Wall |
| 16:37 | Build | Palisade Wall |
| 16:37 | Build | Palisade Wall |
| 16:38 | Build | Palisade Wall |
| 16:39 | Build | Palisade Wall |
| 17:00 | Create | Militia |
| 17:01 | Create | Militia |
| 17:09 | Create | Villager (Male) |
| 17:09 | Create | Villager (Male) |
| 17:40 | Create | Villager (Male) |
| 18:08 | Build | Blacksmith |
| 18:30 | Create | Villager (Male) |
| 19:18 | Build | Mining Camp |
| 19:20 | Create | Militia |
| 19:20 | Create | Militia |
| 19:28 | Create | Militia |
| 19:28 | Create | Militia |
| 19:43 | Build | Stone Wall |
| 19:45 | Build | Stone Wall |
| 20:14 | Research | Fletching |
| 20:40 | Build | Mill |
| 22:48 | Build | Lumber Camp |
| 25:08 | Build | Watch Tower |
| 25:11 | Build | Stone Wall |
| 25:13 | Build | Stone Wall |
| 25:13 | Build | Stone Wall |
| 25:15 | Build | Stone Wall |
| 25:17 | Build | Stone Wall |
| 25:18 | Build | Stone Wall |
| 25:19 | Build | Stone Wall |
| 25:20 | Build | Stone Wall |
| 26:52 | Build | Watch Tower |
| 26:57 | Build | Stone Wall |
| 27:48 | Build | Town Center |
| 28:07 | Build | House |
| 28:09 | Build | Stone Wall |
| 28:09 | Build | Stone Wall |
| 28:10 | Build | Stone Wall |
| 28:10 | Build | Stone Wall |
| 28:56 | Create | Villager (Male) |
| 28:57 | Create | Villager (Male) |
| 29:08 | Build | House |
| 29:33 | Build | House |
| 29:35 | Build | House |
| 29:52 | Build | House |
| 31:37 | Build | Market |
| 33:19 | Build | Farm |
| 33:20 | Build | Farm |
| 33:22 | Build | Farm |
| 33:38 | Build | Farm |
| 33:40 | Build | Farm |
| 33:56 | Build | Lumber Camp |
| 34:40 | Create | Villager (Male) |
| 34:40 | Create | Villager (Male) |
| 35:18 | Build | Mill |
| 35:38 | Build | Farm |
| 35:40 | Build | Farm |
| 36:01 | Build | Farm |
Build order — 罩wo
First 150 of 420 actions detected
| 0:04 | Build | Town Center |
| 2:17 | Build | House |
| 2:33 | Create | Villager (Male) |
| 2:33 | Create | Villager (Male) |
| 2:34 | Create | Villager (Male) |
| 3:02 | Build | House |
| 3:25 | Research | Loom |
| 3:52 | Build | House |
| 3:58 | Build | House |
| 4:08 | Build | House |
| 4:15 | Create | Villager (Male) |
| 4:18 | Create | Villager (Male) |
| 4:18 | Create | Villager (Male) |
| 5:09 | Create | Villager (Male) |
| 5:11 | Create | Villager (Male) |
| 5:45 | Create | Villager (Male) |
| 5:47 | Create | Villager (Male) |
| 6:02 | Build | Lumber Camp |
| 6:13 | Create | Villager (Male) |
| 6:41 | Build | House |
| 6:43 | Create | Villager (Male) |
| 6:49 | Create | Villager (Male) |
| 7:14 | Create | Villager (Male) |
| 7:15 | Create | Villager (Male) |
| 7:16 | Create | Villager (Male) |
| 7:22 | Create | Villager (Male) |
| 7:51 | Build | House |
| 8:33 | Create | Villager (Male) |
| 8:34 | Create | Villager (Male) |
| 8:43 | Build | House |
| 8:51 | Create | Villager (Male) |
| 8:51 | Create | Villager (Male) |
| 9:46 | Build | Mill |
| 10:09 | Build | House |
| 10:16 | Build | House |
| 10:28 | Build | Mining Camp |
| 10:35 | Build | House |
| 10:51 | Research | Feudal Age |
| 10:54 | Build | House |
| 12:33 | Create | Villager (Male) |
| 12:33 | Create | Villager (Male) |
| 13:06 | Age | Feudal Age |
| 13:09 | Build | Market |
| 13:13 | Build | Blacksmith |
| 14:09 | Research | Castle Age |
| 14:12 | Build | Barracks |
| 14:38 | Research | Double-Bit Axe |
| 15:03 | Create | Spearman |
| 15:16 | Create | Villager (Male) |
| 15:17 | Create | Villager (Male) |
| 15:17 | Create | Villager (Male) |
| 15:48 | Build | House |
| 16:19 | Build | House |
| 16:28 | Build | House |
| 16:35 | Research | Town Watch |
| 16:43 | Create | Villager (Male) |
| 16:44 | Create | Villager (Male) |
| 16:49 | Age | Castle Age |
| 16:53 | Research | Bow Saw |
| 16:54 | Create | Villager (Male) |
| 17:46 | Build | Town Center |
| 18:03 | Create | Villager (Male) |
| 18:04 | Create | Villager (Male) |
| 18:21 | Research | Gold Mining |
| 18:23 | Create | Villager (Male) |
| 18:42 | Create | Spearman |
| 18:42 | Create | Spearman |
| 19:10 | Create | Spearman |
| 19:24 | Research | Pikeman (upgrade) |
| 19:27 | Create | Villager (Male) |
| 19:41 | Create | Villager (Male) |
| 19:57 | Create | Villager (Male) |
| 19:57 | Create | Villager (Male) |
| 19:58 | Create | Villager (Male) |
| 20:04 | Build | Town Center |
| 20:19 | Create | Villager (Male) |
| 20:28 | Create | Villager (Male) |
| 20:28 | Create | Villager (Male) |
| 20:50 | Build | Farm |
| 20:51 | Build | Farm |
| 20:53 | Create | Villager (Male) |
| 20:58 | Create | Villager (Male) |
| 21:09 | Create | Villager (Male) |
| 21:27 | Create | Villager (Male) |
| 21:40 | Build | Farm |
| 21:41 | Build | Farm |
| 21:42 | Build | Farm |
| 21:56 | Build | Farm |
| 22:09 | Create | Villager (Male) |
| 22:13 | Create | Villager (Male) |
| 22:16 | Build | Farm |
| 22:28 | Create | Villager (Male) |
| 22:36 | Create | Villager (Male) |
| 22:36 | Create | Villager (Male) |
| 22:56 | Create | Villager (Male) |
| 23:01 | Create | Villager (Male) |
| 23:07 | Build | Farm |
| 23:09 | Create | Villager (Male) |
| 23:09 | Create | Villager (Male) |
| 23:12 | Create | Villager (Male) |
| 23:31 | Create | Villager (Male) |
| 23:45 | Create | Villager (Male) |
| 23:51 | Build | Castle |
| 24:01 | Build | Mill |
| 24:03 | Build | House |
| 24:04 | Build | House |
| 24:08 | Research | Horse Collar |
| 24:10 | Create | Villager (Male) |
| 24:28 | Build | House |
| 24:36 | Create | Villager (Male) |
| 24:44 | Build | Farm |
| 25:19 | Create | Plumed Archer |
| 25:19 | Create | Plumed Archer |
| 25:24 | Create | Villager (Male) |
| 25:42 | Create | Plumed Archer |
| 25:44 | Create | Villager (Male) |
| 25:48 | Create | Villager (Male) |
| 25:49 | Create | Villager (Male) |
| 25:49 | Create | Villager (Male) |
| 25:50 | Create | Villager (Male) |
| 25:51 | Create | Villager (Male) |
| 25:51 | Create | Villager (Male) |
| 26:09 | Build | Lumber Camp |
| 26:25 | Create | Villager (Male) |
| 26:36 | Create | Villager (Male) |
| 26:36 | Create | Villager (Male) |
| 26:39 | Build | Farm |
| 26:44 | Create | Villager (Male) |
| 27:08 | Build | Town Center |
| 27:10 | Create | Villager (Male) |
| 27:10 | Create | Villager (Male) |
| 27:13 | Create | Villager (Male) |
| 27:16 | Research | Wheelbarrow |
| 27:32 | Create | Villager (Male) |
| 27:32 | Create | Villager (Male) |
| 27:38 | Build | Farm |
| 27:39 | Build | Farm |
| 27:40 | Build | Farm |
| 27:50 | Build | Farm |
| 27:53 | Create | Villager (Male) |
| 27:53 | Create | Villager (Male) |
| 27:59 | Build | Mining Camp |
| 28:22 | Create | Villager (Male) |
| 28:22 | Create | Villager (Male) |
| 28:25 | Build | Farm |
| 28:27 | Build | Farm |
| 28:28 | Build | Farm |
| 28:28 | Create | Villager (Male) |
| 28:34 | Build | Farm |
| 28:35 | Build | Farm |
Match timeline
| 5:35 | Daily · wall_segment Palisade Wall x1 |
| 6:53 | 菜就多练 · first_building Barracks |
| 8:51 | 喜足天 · wall_segment Palisade Wall x2 |
| 9:00 | 帝国大烟枪5 · wall_segment Palisade Wall x5 |
| 9:15 | 左 · wall_segment Palisade Wall x1 |
| 9:20 | 帝国大烟枪5 · wall_segment Palisade Wall x1 |
| 9:29 | 喜足天 · wall_segment Palisade Wall x1 |
| 9:38 | 菜就多练 · wall_segment Palisade Wall x1 |
| 9:49 | 喜足天 · wall_segment Palisade Wall x1 |
| 9:50 | Daily · first_building Barracks |
| 9:50 | 喜足天 · wall_segment Palisade Wall x1 |
| 9:51 | 喜足天 · wall_segment Palisade Wall x1 |
| 9:52 | 喜足天 · wall_segment Palisade Wall x1 |
| 9:55 | Daily · wall_segment Palisade Wall x10 |
| 10:14 | 左 · first_building Barracks |
| 10:44 | 帝国大烟枪5 · first_building Barracks |
| 11:00 | 左 · wall_segment Palisade Wall x18 |
| 11:38 | Daily · age_up feudal |
| 11:40 | Daily · first_building Stable |
| 11:53 | 左 · wall_segment Palisade Wall x12 |
| 12:08 | 左 · age_up feudal |
| 12:13 | 左 · first_building Archery Range |
| 12:20 | 闲看 · age_up feudal |
| 12:23 | 帝国大烟枪5 · wall_segment Palisade Wall x3 |
| 12:34 | 高筑墙~广积粮~缓称王 · first_building Barracks |
| 12:37 | Daily · wall_segment Palisade Wall x1 |
| 12:55 | 闲看 · first_building Barracks |
| 12:58 | 菜就多练 · wall_segment Palisade Wall x8 |
| 13:03 | Daily · wall_segment Palisade Wall x1 |
| 13:06 | 罩wo · age_up feudal |
| 13:10 | 帝国大烟枪5 · age_up feudal |
| 13:39 | 喜足天 · age_up feudal |
| 14:12 | 罩wo · first_building Barracks |
| 14:31 | 高筑墙~广积粮~缓称王 · age_up feudal |
| 14:42 | 高筑墙~广积粮~缓称王 · first_building Stable |
| 14:43 | 菜就多练 · wall_segment Palisade Wall x6 |
| 14:48 | 菜就多练 · wall_segment Palisade Wall x11 |
| 14:50 | 菜就多练 · wall_segment Palisade Wall x2 |
| 15:21 | 喜足天 · first_market_buy 100 stone |
| 15:23 | 左 · wall_segment Palisade Wall x1 |
| 15:51 | Daily · wall_segment Palisade Wall x10 |
| 16:09 | 左 · wall_segment Palisade Wall x1 |
| 16:35 | 帝国大烟枪5 · wall_segment Palisade Wall x1 |
| 16:36 | 帝国大烟枪5 · wall_segment Palisade Wall x1 |
| 16:37 | 帝国大烟枪5 · wall_segment Palisade Wall x1 |
| 16:37 | 帝国大烟枪5 · wall_segment Palisade Wall x1 |
| 16:38 | 帝国大烟枪5 · wall_segment Palisade Wall x1 |
| 16:39 | 帝国大烟枪5 · wall_segment Palisade Wall x1 |
| 16:49 | 罩wo · age_up castle |
| 17:17 | 喜足天 · age_up castle |
| 17:19 | 喜足天 · first_building Siege Workshop |
| 17:51 | 菜就多练 · age_up feudal |
| 18:09 | 高筑墙~广积粮~缓称王 · age_up castle |
| 18:49 | Daily · first_building Archery Range |
| 19:20 | 左 · wall_segment Palisade Wall x8 |
| 19:33 | 喜足天 · first_market_sell 100 food |
| 19:41 | 喜足天 · first_building Barracks |
| 19:43 | 帝国大烟枪5 · wall_segment Stone Wall x1 |
| 19:45 | 帝国大烟枪5 · wall_segment Stone Wall x1 |
| 20:12 | 闲看 · wall_segment Palisade Wall x3 |
| 20:44 | 左 · age_up castle |
| 20:58 | 闲看 · wall_segment Palisade Wall x7 |
| 21:01 | 闲看 · wall_segment Palisade Wall x8 |
| 21:03 | 闲看 · wall_segment Palisade Wall x6 |
| 21:06 | Daily · age_up castle |
| 22:09 | Daily · first_building Siege Workshop |
| 22:47 | 高筑墙~广积粮~缓称王 · first_building Monastery |
| 22:49 | 菜就多练 · first_building Archery Range |
| 23:09 | 菜就多练 · first_market_buy 100 food |
| 23:30 | 左 · wall_segment Stone Wall x1 |
| 23:43 | 左 · first_building Castle |
| 23:43 | 喜足天 · wall_segment Palisade Wall x1 |
| 23:51 | 罩wo · first_building Castle |
| 24:33 | 左 · wall_segment Stone Wall x1 |
| 24:57 | 闲看 · first_market_sell 500 wood |
| 24:59 | 闲看 · first_market_buy 500 food |
| 25:11 | 帝国大烟枪5 · wall_segment Stone Wall x1 |
| 25:13 | 帝国大烟枪5 · wall_segment Stone Wall x1 |
| 25:13 | 帝国大烟枪5 · wall_segment Stone Wall x1 |
| 25:15 | 帝国大烟枪5 · wall_segment Stone Wall x1 |
| 25:17 | 帝国大烟枪5 · wall_segment Stone Wall x1 |
| 25:18 | 帝国大烟枪5 · wall_segment Stone Wall x1 |
| 25:19 | 帝国大烟枪5 · wall_segment Stone Wall x1 |
| 25:20 | 帝国大烟枪5 · wall_segment Stone Wall x1 |
| 25:55 | 左 · wall_segment Stone Wall x1 |
| 26:05 | 菜就多练 · age_up castle |
| 26:23 | 菜就多练 · first_building Siege Workshop |
| 26:57 | 帝国大烟枪5 · wall_segment Stone Wall x1 |
| 27:02 | 高筑墙~广积粮~缓称王 · first_building Castle |
| 28:01 | 闲看 · age_up castle |
| 28:09 | 帝国大烟枪5 · wall_segment Stone Wall x1 |
| 28:09 | 帝国大烟枪5 · wall_segment Stone Wall x1 |
| 28:10 | 左 · first_building Siege Workshop |
| 28:10 | 帝国大烟枪5 · wall_segment Stone Wall x1 |
| 28:10 | 帝国大烟枪5 · wall_segment Stone Wall x1 |
| 28:19 | 闲看 · first_building Siege Workshop |
| 29:52 | 菜就多练 · first_building Stable |
| 30:13 | 菜就多练 · first_market_sell 100 wood |
| 30:14 | 罩wo · first_market_sell 100 food |
| 32:29 | Daily · first_building Dock |
| 32:29 | 喜足天 · first_building Castle |
| 33:42 | 罩wo · age_up imperial |
| 35:26 | 罩wo · first_building Monastery |
| 35:36 | 高筑墙~广积粮~缓称王 · age_up imperial |
| 35:54 | 闲看 · wall_segment Stone Wall x1 |
| 35:59 | 左 · wall_segment Stone Wall x1 |
| 36:00 | 闲看 · wall_segment Stone Wall x1 |
| 36:10 | 罩wo · wall_segment Palisade Wall x11 |
| 36:22 | 闲看 · wall_segment Stone Wall x1 |
| 36:48 | 闲看 · resign |
| 37:16 | 左 · wall_segment Stone Wall x1 |
| 37:16 | 左 · wall_segment Stone Wall x1 |
| 37:17 | 左 · wall_segment Stone Wall x1 |
| 40:34 | 高筑墙~广积粮~缓称王 · wall_segment Stone Wall x1 |
| 40:35 | 高筑墙~广积粮~缓称王 · wall_segment Stone Wall x1 |
| 41:10 | Daily · wall_segment Stone Wall x1 |
| 41:11 | Daily · wall_segment Stone Wall x1 |
| 41:20 | Daily · first_building Castle |
| 44:13 | Daily · first_market_sell 100 wood |
[ AI ANALYSIS · 1 CREDIT ]
What really happened in this match?
Wolo.gg analyzes every decision: build order, eco, micro, common mistakes by bracket. Personalized analysis on WhatsApp or Discord in 30 seconds.
Civ guide
Goths
Perfil
Jugador #2949938